 Dungeon Crawl Stone Soup version 0.26.1-11-gd32895ea62 (webtiles) character file.

Game seed: 17069069651251413878

6108 Findor the Slicer (level 10, 0/53 HPs)
             Began as a Vine Stalker Fighter on May 28, 2021.
             Was an Elder of Okawaru.
             Killed by divine providence
             ... invoked by an orc priest
              (8 damage)
             ... on level 11 of the Dungeon.
             The game lasted 00:12:05 (9183 turns).

Findor the Slicer (Vine Stalker Fighter)            Turns: 9183, Time: 00:12:06

Health: 0/53       AC: 12    Str: 21    XL:     10   Next: 89%
Magic:  0/11       EV: 14    Int:  8    God:    Okawaru [****..]
Gold:   740        SH: 12    Dex: 21    Spells: 9/9 levels left

rFire    . . .     SeeInvis .   a - +1 rapier
rCold    . . .     Faith    .   o - +1 kite shield
rNeg     . . .     Spirit   +   x - +0 troll leather armour
rPois    +         Reflect  .   B - +2 helmet
rElec    .         Harm     .   i - +2 cloak
rCorr    .         Rampage  .   (no gloves)
Will     +....                  l - +0 pair of boots
Stlth    ++........             (no amulet)
HPRegen  0.97/turn              m - +6 ring of dexterity
MPRegen  0.12/turn              y - ring of poison resistance

@: mighty
A: fangs 3, regeneration 1, magic shield, antimagic bite, no potion heal 3
a: Renounce Religion, Heroism


You were on level 11 of the Dungeon.
You worshipped Okawaru.
Okawaru was greatly pleased with you.
You visited 1 branch of the dungeon, and saw 11 of its levels.
You also visited: Sewer and Ossuary.

You collected 740 gold pieces.


Innate Abilities, Weirdness & Mutations

You have razor-sharp teeth.
Your natural rate of healing is unusually fast.
When hurt, damage is shared between your health and your magic reserves.
Your bite disrupts and absorbs the magic of your enemies.
Potions cannot restore your health.


   Skills:
 + Level 6.6 Fighting
 * Level 8.9 Short Blades
 + Level 6.0 Armour
 + Level 5.2 Dodging
 + Level 6.5 Shields


You had 9 spell levels left.
You didn't know any spells.
Your spell library contained the following spells:

 Spells                   Type           Power        Failure   Level
 Corona                   Hex            0%           83%         1
 Ensorcelled Hibernation  Hex/Ice        0%           92%         2
 Slow                     Hex            0%           92%         2
 Confusing Touch          Hex            0%           99%         3
 Dazzling Flash           Conj/Hex       0%           99%         3
 Inner Flame              Hex/Fire       0%           99%         3
 Portal Projectile        Hex/Tloc       0%           99%         3
 Tukima's Dance           Hex            0%           99%         3
 Cause Fear               Hex            0%           100%        4
 Leda's Liquefaction      Hex/Erth       0%           100%        4
 Bolt of Magma            Conj/Fire/Erth 0%           100%        5
 Iskenderun's Battlesphe  Conj           0%           100%        5
 Iron Shot                Conj/Erth      0%           100%        6
 Orb of Destruction       Conj           0%           100%        7
 Spellforged Servitor     Conj/Summ      0%           100%        7

Inventory:

Hand Weapons
 a - a +1 rapier (weapon)
 g - a +0 short sword
   (You found it on level 1 of the Dungeon)
Missiles
 C - 30 poisoned darts (quivered)
 P - 3 throwing nets {!f}
Armour
 b - a +0 scale mail
 i - a +2 cloak (worn)
   (You found it on level 1 of the Dungeon)
 l - a +0 pair of boots (worn)
   (You found it on level 1 of the Dungeon)
 o - a +1 kite shield (worn)
 w - a +0 helmet
   (You found it on level 2 of the Dungeon)
 x - a +0 troll leather armour (worn)
   (You found it on level 2 of the Dungeon)
 B - a +2 helmet (worn)
   (You found it on level 5 of the Dungeon)
 N - a +0 pair of gloves of dexterity
   (You found it on level 7 of the Dungeon)
 R - +0 steam dragon scales
   (You took it off Maggie on level 9 of the Dungeon)
Jewellery
 m - a +6 ring of dexterity (left hand)
   (You found it on level 1 of the Dungeon)
 y - a ring of poison resistance (right hand)
   (You found it on level 3 of the Dungeon)
 K - an uncursed ring of fire
   (You found it on level 7 of the Dungeon)
 Q - an uncursed ring of flight
   (You found it on level 8 of the Dungeon)
 T - an uncursed amulet of the acrobat {unknown}
   (You found it on level 10 of the Dungeon)
Wands
 c - a wand of disintegration (25)
   (You found it on level 7 of the Dungeon)
 t - a wand of flame (16)
   (You found it on level 9 of the Dungeon)
 v - a wand of digging (6)
   (You found it on level 6 of the Dungeon)
 M - a wand of polymorph (7)
   (You found it on level 7 of the Dungeon)
 O - a wand of enslavement (9)
   (You found it on level 8 of the Dungeon)
Scrolls
 e - 5 scrolls of teleportation {@r4}
 k - 3 scrolls of amnesia
 n - 3 scrolls of enchant armour
 r - 8 scrolls of remove curse {@r2}
 u - a scroll of enchant weapon
 D - a scroll of holy word
 E - 2 scrolls of blinking
 F - 2 scrolls of torment {!r}
 G - a scroll of magic mapping
 H - a scroll of noise {!r}
 L - 6 scrolls of identify {@r1}
 S - a scroll of fear
Potions
 d - 2 potions of might
 f - a potion of heal wounds {@q2}
 h - 3 potions of lignification {unknown}
 j - 3 potions of curing {unknown}
 p - 4 potions of brilliance
 q - 2 potions of degeneration {unknown}
 s - 2 potions of resistance {unknown}
 z - 4 potions of haste {unknown}
 A - 4 potions of berserk rage {unknown}
 I - 3 potions of flight
 J - 2 potions of ambrosia {unknown}


Message History

You block the killer bee's attack. x2
A centaur comes into view.
You closely miss the killer bee. You bite the killer bee.
You kill the killer bee!
Okawaru accepts your kill.
The centaur wields a +0 shortbow.
The centaur shoots an arrow.
The arrow hits you but does no damage.
A troll comes into view.
You block the killer bee's attack. x2; The centaur unwields a +0 shortbow.
You block the centaur's attack.
You hit the centaur. You bite the centaur. You drain its power.
You feel invigorated.
The killer bee stings you but does no damage.
You block the centaur's attack.
You puncture the centaur! You bite the centaur. You drain its power.
You feel invigorated.
The killer bee stings you but does no damage.
The howler monkey hoots and howls with incredible vigour!
The killer bee stings you but does no damage.
The centaur closely misses you.
The orc priest calls down the wrath of Beogh upon you.
Beogh smites you!
* * * LOW HITPOINT WARNING * * *
You hear a bark!
You hear a shout!
You hear an angry hiss.
You barely miss the centaur. Your bite misses the centaur.
The killer bee stings you but does no damage.
You block the centaur's attack.
The killer bee stings you but does no damage.
You puncture the centaur!
You kill the centaur!
Okawaru accepts your kill. The killer bee closely misses you.
Aiming: Enslavement
Press: ? - help, Shift-Dir - straight line, f - killer bee
Aim: a killer bee (heavily wounded, chance to affect: 54%)
The killer bee is charmed.
The hound misses your killer bee.
The hound barely misses your killer bee.
A wyvern and a worker ant come into view.
The wyvern hisses angrily.
Things that are here:
a +0 shortbow; 13 arrows The orc priest mumbles some strange prayers to Beogh against you.
Beogh smites you!
* * * LOW HITPOINT WARNING * * *
The hound bites your killer bee.
Found 18 gold pieces.
Your killer bee stings the hound.
The orc priest calls down the wrath of Beogh upon you.
Beogh smites you!
You die...

..o...oo≈≈≈≈≈≈..
#.###.##o###.######.
# #.†ooh.......
####y#####[#. #S#
..... #h# ... ..
###y##.##...
#....B>.....
#.#.@l......
#.#†##..#.#. #
#.<.......
#..##.)... #..#
..>.. .... .>..
###.## ...$ #.# #.#


You could see a wyvern, a hound, a worker ant, a killer bee, an orc priest, an
orc wizard (fast), an adder and a friendly killer bee (charmed).

Vanquished Creatures
  A two-headed ogre (D:9)
  Harold (D:8)
  An ugly thing (D:8)
  Maggie (D:9)
  Grinder (D:5)
  Eustachio (D:5)
  Edmund (D:6)
  2 water moccasins
  Duvessa (D:5)
  3 orc warriors
  4 sky beasts
  2 black bears (D:7)
  A necrophage (D:8)
  2 centaurs
  4 bullfrogs
  Dowan (D:5)
  2 scorpions
  5 killer bees
  5 wights
  A howler monkey (D:8)
  5 hounds
  2 bullfrog zombies
  A jelly (D:8)
  Crazy Yiuf (D:7)
  A gnoll shaman (D:8)
  4 orc priests
  5 iguanas
  A bullfrog skeleton (D:4)
  9 orc wizards
  5 worker ants
  A killer bee zombie (D:7)
  4 hound zombies
  A hound skeleton (D:4)
  8 mummies (Ossuary)
  7 gnolls
  9 adders
  2 river rats (D:3)
  2 shadow imps
  2 white imps
  An adder skeleton (D:4)
  An adder zombie (D:7)
  2 worms
  4 dart slugs
  5 leopard geckos
  39 orcs
  2 ball pythons
  7 giant cockroaches
  A gnoll zombie (Ossuary)
  4 goblins
  4 hobgoblins
  13 jackals
  4 quokkas
  6 bats
  4 frilled lizards
  3 hobgoblin zombies (Ossuary)
  A jackal zombie (D:7)
  13 kobolds
  2 kobold zombies (Ossuary)
  2 orc zombies (Ossuary)
  10 rats
238 creatures vanquished.

Vanquished Creatures (others)
  2 plants (D:11)
2 creatures vanquished.

Grand Total: 240 creatures vanquished

Notes
Turn   | Place    | Note
-------+----------+-------------------------------------------
     0 | D:1      | Findor the Vine Stalker Fighter began the quest for the
                  | Orb.
     0 | D:1      | Reached XP level 1. HP: 11/11 MP: 2/2
   155 | D:1      | Reached skill level 2 in Short Blades
   178 | D:1      | Reached XP level 2. HP: 15/16 MP: 3/3
   576 | D:2      | Reached XP level 3. HP: 19/19 MP: 4/4
   911 | D:2      | Reached skill level 3 in Fighting
   911 | D:2      | Reached skill level 3 in Shields
   970 | D:2      | Gained mutation: Your natural rate of healing is unusually
                  | fast. [Vine Stalker growth]
   970 | D:2      | Reached XP level 4. HP: 23/24 MP: 5/5
  1319 | D:3      | Reached skill level 1 in Dodging
  1341 | D:3      | Reached skill level 3 in Short Blades
  1519 | D:3      | Reached XP level 5. HP: 28/28 MP: 6/6
  1734 | D:3      | Found a glowing drain.
  1756 | D:3      | Reached skill level 3 in Armour
  1771 | Sewer    | Entered a sewer
  1798 | Sewer    | Noticed a water moccasin
  1816 | Sewer    | Killed a water moccasin
  1817 | Sewer    | Reached XP level 6. HP: 19/32 MP: 4/7
  1991 | D:3      | Found an iron altar of Okawaru.
  2296 | D:3      | Found a burning altar of Makhleb.
  2301 | D:3      | Found a glowing silver altar of Zin.
  2302 | D:3      | Found a glowing golden altar of the Shining One.
  2302 | D:3      | Found a snail-covered altar of Cheibriados.
  2302 | D:3      | Found a blossoming altar of Fedhas.
  2302 | D:3      | Found a radiant altar of Vehumet.
  2302 | D:3      | Found a broken altar of Ashenzari.
  2303 | D:3      | Found a hide-covered altar of Uskayaw.
  2304 | D:3      | Found an opulent altar of Gozag.
  2306 | D:3      | Found a stormy altar of Qazlal.
  2323 | D:3      | Became a worshipper of Warmaster Okawaru
  2427 | D:4      | Found a staircase to the Ecumenical Temple.
  2455 | D:4      | Reached skill level 4 in Short Blades
  2706 | D:4      | Reached XP level 7. HP: 33/37 MP: 6/8
  3763 | D:5      | Entered Level 5 of the Dungeon
  3808 | D:5      | Found Gafuad's Jewellery Emporium.
  3920 | D:5      | Noticed Grinder
  3923 | D:5      | Paralysed by Grinder for 5 turns
  3936 | D:5      | Killed Grinder
  3984 | D:5      | Noticed Duvessa
  3984 | D:5      | Noticed Dowan
  3997 | D:5      | Killed Dowan
  3998 | D:5      | Reached skill level 5 in Short Blades
  3998 | D:5      | Gained mutation: You have razor-sharp teeth. [Vine Stalker
                  | growth]
  3998 | D:5      | Reached XP level 8. HP: 42/42 MP: 9/9
  4013 | D:5      | HP: 5/42 [Duvessa/+0 short sword (7)]
  4016 | D:5      | HP: 2/42 [Duvessa/+0 short sword (6)]
  4032 | D:5      | Killed Duvessa
  4185 | D:5      | Noticed Eustachio
  4206 | D:5      | Killed Eustachio
  4206 | D:5      | Reached * piety under Okawaru
  4218 | D:5      | Found Xerotwo's Book Boutique.
  4498 | D:6      | Found a sand-covered staircase.
  4506 | Ossuary  | Entered an ossuary
  4550 | Ossuary  | Reached skill level 3 in Dodging
  4910 | D:6      | Noticed Edmund
  4942 | D:6      | Killed Edmund
  4943 | D:6      | Reached skill level 6 in Short Blades
  4992 | D:6      | Reached XP level 9. HP: 31/44 MP: 7/10
  4999 | D:6      | Reached ** piety under Okawaru
  5729 | D:7      | Reached skill level 7 in Short Blades
  5859 | D:7      | Found Cheibriados's Comfort Zone.
  5859 | D:7      | Found a snail-covered altar of Cheibriados.
  6156 | D:7      | Found a runed translucent door.
  6157 | D:7      | Noticed Crazy Yiuf
  6466 | D:7      | Killed Crazy Yiuf
  6513 | D:8      | Noticed Harold
  6535 | D:8      | Killed Harold
  6535 | D:8      | Reached *** piety under Okawaru
  6536 | D:8      | Reached XP level 10. HP: 53/53 MP: 11/11
  6643 | D:8      | Reached skill level 6 in Fighting
  6789 | D:8      | Reached skill level 8 in Short Blades
  6789 | D:8      | Reached skill level 6 in Shields
  6814 | D:8      | Reached **** piety under Okawaru
  6871 | D:8      | Noticed a cyan ugly thing
  6885 | D:8      | Killed a cyan ugly thing
  7330 | D:9      | Noticed a two-headed ogre
  7338 | D:9      | Killed a two-headed ogre
  7515 | D:9      | Noticed Maggie
  7528 | D:9      | Killed Maggie
  7528 | D:9      | Reached ***** piety under Okawaru
  7568 | D:9      | Found a glowing golden altar of the Shining One.
  7606 | D:9      | Reached skill level 6 in Armour
  7782 | D:10     | Entered Level 10 of the Dungeon
  8719 | D:10     | Found a staircase to the Orcish Mines.
  9159 | D:11     | Found a staircase to the Lair.
  9182 | D:11     | HP: 8/53 [orc priest/divine providence (8)]
  9183 | D:11     | Killed from afar by an orc priest

Levels and vault maps discovered:
D:1:      giann_forest_graveyard, layout_rooms
D:2:      minmay_inner_zag, layout_basic, minmay_tripent
D:3:      layout_loops_corners, minitemple, portal_sewer_entry_b,
          minmay_misc_feat_tower
D:4:      layout_layer_cave, minmay_temple_entry_mist
D:5:      layout_rooms, serial_shops, kennysheep_mini,
          nicolae_shop_behind_doors, uniq_grinder, uniq_eustachio, uniq_duvessa
D:6:      layout_basic, nicolae_ossuary_entry_ruins, uniq_edmund
D:7:      layout_loops_ring, minmay_shop_chei, uniq_crazy_yiuf_cottage
D:8:      layout_loops_ring, uniq_harold
D:9:      layout_rooms, basic_altar, uniq_maggie
D:10:     layout_grid_maze, orc_0_dummy
D:11:     layout_loops_cross, erik_lair_island, nicolae_trove_entry_isolated,
          serial_bayou_pond_d

Action                   |  1- 3 |  4- 6 |  7- 9 | 10-12 || total
-------------------------+-------+-------+-------+-------++-------
Melee: Rapier            |    96 |   210 |   379 |   194 ||   879
       Bite              |    22 |    68 |   185 |    86 ||   361
Evoke: Wand              |       |       |       |     9 ||     9
  Use: Scroll            |     2 |       |    16 |     1 ||    19
       Potion            |       |       |       |     2 ||     2
 Stab: Sleeping          |       |     7 |     2 |     2 ||    11
Armor: Scale mail        |    19 |       |       |       ||    19
       Troll leather arm |     6 |    83 |    87 |    43 ||   219
Dodge: Dodged            |    31 |   113 |   104 |    75 ||   323
Block: Kite shield       |    45 |   128 |   169 |   113 ||   455
